 Dungeon Crawl Stone Soup version 0.23.2 (webtiles) character file.

Game seed: 6002314524195785188

455 myga the Chiller (level 7, -7/72 HPs)
             Began as a Barachi Ice Elementalist on Apr 9, 2019.
             Mangled by Pikel
             ... wielding a +1 whip of electrocution
              (17 damage)
             ... on level 4 of the Dungeon.
             The game lasted 00:23:56 (3904 turns).

myga the Chiller (Barachi Ice Elementalist)         Turns: 3904, Time: 00:23:56

Health: -7/72      AC: 23    Str:  9    XL:     7   Next: 5%
Magic:  1/13       EV:  2    Int: 16    God:
Gold:   116        SH:  0    Dex: 19    Spells: 1/15 levels left

rFire    . . .     SeeInvis .   v - +3 dagger
rCold    . . .     Gourm    .   (no shield)
rNeg     + + +     Faith    .   (armour currently unavailable)
rPois    +         Spirit   .   (helmet currently unavailable)
rElec    .         Reflect  .   (cloak currently unavailable)
rCorr    .         Harm     .   (gloves currently unavailable)
MR       .....     NoTele   +   (boots currently unavailable)
Stlth    +++.......             (no amulet)
HPRegen  0.22/turn              (no ring)
MPRegen  0.13/turn              (no ring)

@: agile, tree-form, very slightly contaminated, invisible
A: +LOS, swims
a: no special abilities


You were on level 4 of the Dungeon.
You were hungry.
You were a tree.
You visited 1 branch of the dungeon, and saw 4 of its levels.

You collected 116 gold pieces.

Inventory:

Hand Weapons
 v - a +3 dagger (weapon)
Missiles
 h - 29 stones (quivered)
 j - a throwing net
Armour
 m - a +0 pair of boots (melded)
 o - a +0 robe (melded)
 p - a +1 cloak (melded)
Scrolls
 e - a scroll of teleportation {unknown}
 f - a scroll of remove curse
 l - a scroll of enchant armour
 n - a scroll of immolation {unknown}
 q - a scroll of enchant weapon {unknown}
 t - a scroll of random uselessness {unknown}
 u - a scroll of fog {unknown}
Potions
 d - 2 potions of curing
 g - a potion of degeneration
 k - a potion of haste
Comestibles
 c - 2 rations


   Skills:
 + Level 1.0 Fighting
 + Level 1.4 Short Blades
   Level 0.4 Maces & Flails
 + Level 2.2 Throwing
 + Level 2.4 Dodging
 + Level 2.3 Stealth
 + Level 4.6 Spellcasting
 + Level 1.2 Conjurations
 + Level 0.9 Charms
 + Level 6.0 Ice Magic


You had one spell level left.
You knew the following spells:

 Your Spells              Type           Power        Failure   Level  Hunger
a - Freeze                Ice            ###.         1%          1    None
b - Throw Frost           Conj/Ice       ###...       5%          2    ##.....
c - Ozocubu's Armour      Chrm/Ice       ##......     12%         3    ###....
d - Summon Ice Beast      Ice/Summ       ##......     41%         4    ####...
e - Throw Icicle          Conj/Ice       ###.....     34%         4    ####...

Your spell library contained the following spells:

 Spells                   Type           Power        Failure   Level  Hunger


Dungeon Overview and Level Annotations

Branches:
Dungeon (4/15)
 Temple: D:4-7

Altars:
Ashenzari
Nemelex Xobeh
Qazlal
Yredelemnul

Annotations:
D:4 Pikel


Innate Abilities, Weirdness & Mutations

Shadows flee at your approach. (+LOS)
You can swim through water.
((You cover ground slowly.))
((You can hop short distances.))


Message History

* * * LOW HITPOINT WARNING * * *
Press: ? - help, v - describe, . - travel, g - get item
Here: Pikel, wielding a +1 whip of electrocution and wearing a +0 robe (moderately wounded)
A +0 short sword.
There is something else lying underneath.
The floor, spattered with blood.
It was a potion of agility.
You feel agile all of a sudden. Pikel hits you but does no damage.
You are electrocuted!
* * * LOW HITPOINT WARNING * * *
It was a potion of invisibility.
You fade into invisibility!
Pikel hits you but does no damage.
You are very lightly contaminated with residual magic.
Unknown command.
You strike the helpless Pikel from behind!
You puncture Pikel!
Pikel is severely wounded.
Pikel hits you but does no damage.
You are electrocuted!
You die...

.........###.....##..PP#
##........#..####.#♣♣.PP#
#####.......# ## ..P.#
#.###.p..# ## P♣..P
#........# .. #♣P.P
##...p..##.# ###.......#
####p#..# #.♣Kp####
#.#### #. ##


You could see Pikel and 2 slaves.

Vanquished Creatures
  2 slaves (D:3)
  An ogre (D:4)
  A hound (D:4)
  3 orc wizards
  A worker ant (D:4)
  Natasha (thrice) (D:3)
  A gnoll (D:1)
  5 adders
  4 worms
  3 dart slugs
  2 leopard geckos
  14 orcs
  2 giant cockroaches
  12 goblins
  10 hobgoblins
  6 jackals
  A quokka (D:3)
  A ball python (D:1)
  4 bats
  2 frilled lizards
  7 kobolds
  9 rats
94 creatures vanquished.

Notes
Turn   | Place    | Note
-------+----------+-------------------------------------------
     0 | D:1      | myga the Barachi Ice Elementalist began the quest for the
                  | Orb.
     0 | D:1      | Reached XP level 1. HP: 13/13 MP: 3/3
   167 | D:1      | Reached XP level 2. HP: 19/19 MP: 1/5
   264 | D:1      | Learned a level 2 spell: Throw Frost
   370 | D:1      | Reached skill level 4 in Ice Magic
   455 | D:1      | Reached XP level 3. HP: 24/24 MP: 4/7
   940 | D:2      | Found a shattered altar of Ashenzari.
  1171 | D:2      | Learned a level 3 spell: Ozocubu's Armour
  1533 | D:2      | Reached XP level 4. HP: 30/30 MP: 2/8
  1612 | D:2      | You fall through a shaft!
  1891 | D:3      | Noticed Natasha
  1931 | D:3      | Killed Natasha
  1931 | D:3      | Reached XP level 5. HP: 13/35 MP: 1/10
  1937 | D:3      | Learned a level 4 spell: Summon Ice Beast
  1999 | D:3      | Noticed Natasha
  2014 | D:3      | Killed Natasha
  2014 | D:3      | Reached skill level 1 in Throwing
  2141 | D:3      | Noticed Natasha
  2148 | D:3      | Killed Natasha
  2246 | D:3      | Found a sparkling altar of Nemelex Xobeh.
  2666 | D:3      | Reached skill level 5 in Ice Magic
  2813 | D:4      | Reached XP level 6. HP: 34/42 MP: 9/12
  2824 | D:4      | Reached skill level 1 in Fighting
  2824 | D:4      | Reached skill level 1 in Short Blades
  2833 | D:4      | Found a basalt altar of Yredelemnul.
  3002 | D:4      | Found a stormy altar of Qazlal.
  3376 | D:4      | Reached XP level 7. HP: 42/48 MP: 6/13
  3437 | D:4      | Noticed Pikel
  3439 | D:4      | Reached skill level 6 in Ice Magic
  3752 | D:3      | Learned a level 4 spell: Throw Icicle
  3904 | D:4      | Mangled by Pikel

Skill      XL: |  1  2  3  4  5  6  7 |
---------------+----------------------+-----
Stealth        | 2 |  2.3
Ice Magic      | 4 5 6 |  6.0
Spellcasting   | 3 4 |  4.6
Throwing       | 2 |  2.2
Fighting       | 1 |  1.0
Short Blades   | 1 |  1.4
Maces & Flails | |  0.4
Dodging        | |  2.4
Conjurations   | |  1.2
Charms         | |  0.9

Action                   |  1- 3 |  4- 6 |  7- 9 || total
-------------------------+-------+-------+-------++-------
Melee: Whip              |     2 |       |       ||     2
       Dagger            |    31 |    62 |    39 ||   132
Throw: Stone             |    39 |    47 |    12 ||    98
 Cast: Freeze            |    46 |    95 |    26 ||   167
       Throw Frost       |     3 |    10 |       ||    13
       Ozocubu's Armour  |     1 |     8 |     1 ||    10
       Throw Icicle      |       |       |     2 ||     2
       Summon Ice Beast  |       |       |     1 ||     1
  Use: Scroll            |     2 |     6 |     1 ||     9
       Potion            |     1 |     1 |     4 ||     6
 Stab: Sleeping          |     3 |     4 |       ||     7
       Invisible         |       |       |     1 ||     1
  Eat: Chunk             |     3 |     7 |     2 ||    12
Armor: Robe              |     5 |    32 |    21 ||    58
       Skin              |       |       |     7 ||     7
Dodge: Dodged            |    33 |    83 |    47 ||   163
